 Dungeon Crawl Stone Soup version 0.30-a0-939-gc8157cb160 (webtiles) character file.

Game seed: 12955250342987982841

418 octoduck the Cudgeller (level 6, -1/37 HPs)
             Began as a Gargoyle Fighter on Mar 25, 2023.
             Slain by an iguana (7 damage)
             ... on level 4 of the Dungeon.
             The game lasted 00:07:05 (3389 turns).

octoduck the Cudgeller (Gargoyle Fighter)           Turns: 3389, Time: 00:07:05

Health: -1/37      AC: 12    Str: 19    XL:     6   Next: 93%
Magic:  6/6        EV:  9    Int:  9    God:
Gold:   83         SH:  4    Dex: 11    Spells: 5/5 levels left

rFire   . . .      SeeInvis .    a - +1 flail
rCold   . . .      Faith    .    c - +0 buckler
rNeg    + . .      Spirit   .    b - +0 scale mail
rPois   ∞          Reflect  .    (no helmet)
rElec   +          Rampage  .    (no cloak)
rCorr   .                        o - +0 pair of gloves
Will    .....                    (no boots) Stlth
                                 (no amulet)
HPRegen 0.26/turn                p - ring of flight
MPRegen 0.10/turn                (no ring)

@: flying
A: sickness immunity, AC +4, negative energy resistance 1, electricity
resistance, torment resistance 1, petrification resistance
a: no special abilities


You were on level 4 of the Dungeon.
You visited 1 branch of the dungeon, and saw 4 of its levels.
You also visited: Sewer.

You collected 105 gold pieces.
You spent 22 gold pieces at shops.

Inventory:

Hand Weapons
 a - a +1 flail (weapon)
Missiles
 n - 6 atropa-tipped darts (quivered)
Armour
 b - a +0 scale mail (worn)
 c - a +0 buckler (worn)
 e - an orb of light
 o - a +0 pair of gloves (worn)
Jewellery
 p - a ring of flight (left hand)
Wands
 t - a wand of roots (9)
Scrolls
 d - 2 scrolls of enchant weapon
 f - 2 scrolls of teleportation
 g - 2 scrolls of blinking
 h - a scroll of fog {unknown}
 l - a scroll of poison
 u - 3 scrolls of vulnerability
 w - a scroll of brand weapon {unknown}
Potions
 i - 4 potions of curing
 j - 4 potions of lignification
 k - 2 potions of degeneration {unknown}
 m - a potion of berserk rage {unknown}
 q - 2 potions of brilliance
 r - a potion of invisibility {unknown}
 s - a potion of mutation {unknown}
 v - a potion of might
 x - a potion of cancellation {unknown}


   Skills:
 - Level 3.2 Fighting
 + Level 7.2 Maces & Flails
 - Level 3.2 Armour
 - Level 3.2 Shields


You had 5 spell levels left.
You didn't know any spells.
Your spell library contained the following spells:

 Spells                   Type           Power      Damage    Failure   Level
 Dazzling Flash           Conj/Hex       0%         N/A       99%         3
 Agony                    Necr           0%         N/A       100%        5
 Silence                  Hex/Air        0%         N/A       100%        5


Dungeon Overview and Level Annotations

Branches:
Dungeon (4/15)              Sewer (visited)
 Temple: D:4-7

Altars:

Shops:
D:1 ?


Innate Abilities, Weirdness & Mutations

You are immune to sickness and miasma.
Your stone body is resilient. (AC +4)
You are immune to poison.
You resist negative energy. (rN+)
You are resistant to electric shocks. (rElec)
You are resistant to unholy torment.
You are immune to petrification.


Message History

The adder is heavily wounded.
The adder barely misses you.
An ogre comes into view. It is wielding a +0 giant club.
You closely miss the adder.
The adder is heavily wounded.
The ogre shouts!
The adder bites you. The adder bites you but does no damage.
You barely miss the adder.
The adder is heavily wounded.
The adder bites you but does no damage.
You sock the adder!
You kill the adder!
You hit the hobgoblin but do no damage.
An iguana comes into view.
The hobgoblin hits you but does no damage.
You closely miss the hobgoblin.
The iguana hisses angrily.
The hobgoblin hits you but does no damage.
The hobgoblin attacks as you move away! The hobgoblin hits you.
The hobgoblin attacks as you move away! You block the hobgoblin's attack.
The hobgoblin attacks as you move away! The hobgoblin hits you.
You hit the hobgoblin.
The hobgoblin is almost dead.
You block the hobgoblin's attack.
You sock the hobgoblin!
You kill the hobgoblin!
You hit the ogre but do no damage. You block the ogre's attack.
You hit the ogre.
The ogre is lightly wounded.
The ogre hits you with a +0 giant club!
You hit the ogre.
The ogre is lightly wounded.
The iguana bites you. The ogre hits you with a +0 giant club.
You hit the iguana but do no damage.
The iguana bites you but does no damage.
You closely miss the iguana. The ogre hits you with a +0 giant club!
* * * LOW HITPOINT WARNING * * *
The iguana barely misses you. The iguana bites you!
You die...

###†#.......#.......#
.###.##.......#......#
..............#.....#
....)...............##
.........####........##
.....#...# #.........#
.......########.......##
.......####.###Ol......#
.##..........##.@......#
...###.......####......#
#. ...................#
.#....<.##....#.###
#....#.#.....###
#.............#
...............#
......#...#...##
#.....##......#


You could see an ogre and an iguana.

Vanquished Creatures
  2 bullfrogs (Sewer)
  2 orc priests (D:3)
  8 adders
  5 river rats
  2 ufetubi (D:4)
  2 dart slugs (D:3)
  6 orcs
  5 bats
  6 endoplasms
  2 giant cockroaches
  7 goblins
  7 hobgoblins
  5 quokkas
  10 ball pythons
  4 frilled lizards
  10 kobolds
  34 rats
117 creatures vanquished.

Notes
Turn   | Place    | Note
-------+----------+-------------------------------------------
     0 | D:1      | octoduck the Gargoyle Fighter began the quest for the Orb.
     0 | D:1      | Reached XP level 1. HP: 14/14 MP: 1/1
   341 | D:1      | Reached XP level 2. HP: 17/19 MP: 2/2
   706 | D:1      | Reached skill level 3 in Maces & Flails
   846 | D:1      | Found Noagy's Magic Scroll Boutique.
   854 | D:1      | Bought a scroll of identify for 22 gold pieces
  1177 | D:2      | Reached XP level 3. HP: 23/23 MP: 3/3
  1818 | D:3      | Reached skill level 4 in Maces & Flails
  1883 | D:3      | Reached XP level 4. HP: 20/28 MP: 4/4
  1943 | D:3      | Found a glowing drain.
  1954 | Sewer    | Entered a sewer
  2065 | Sewer    | Reached skill level 5 in Maces & Flails
  2065 | Sewer    | Reached XP level 5. HP: 29/32 MP: 5/5
  2286 | Sewer    | Reached skill level 6 in Maces & Flails
  2286 | Sewer    | Reached XP level 6. HP: 12/37 MP: 6/6
  2894 | D:3      | Reached skill level 7 in Maces & Flails
  3116 | D:3      | Found a faded altar of an unknown god.
  3389 | D:4      | Slain by an iguana

Illustrated notes

Levels and vault maps discovered:
D:1:      eino_arrival_water_cross, layout_basic, serial_shops, shop_scrolls
D:2:      minmay_spotlight, layout_basic, hangedman_decor_points, fountainhead
D:3:      layout_basic, gup_sewer_entry_bubbles,
          shapermc_ecumenical_altar_starsandcircs, grunt_decor_junction
D:4:      layout_cave_pools, tso_oasis_becter, nicolae_wu_jian_glorious_leap

Skill      XL: |  1  2  3  4  5  6 |
---------------+-------------------+-----
Maces & Flails | 3 4 5 6 7 |  7.2
Fighting       | |  3.2
Armour         | |  3.2
Shields        | |  3.2

Action                     |  1- 3 |  4- 6 || total
---------------------------+-------+-------++-------
  Melee: Flail             |   102 |   225 ||   327
    Use: Scroll            |     7 |     3 ||    10
         Potion            |       |     4 ||     4
 Armour: Scale mail        |    59 |   142 ||   201
  Dodge: Dodged            |    38 |   107 ||   145
  Block: Buckler           |    15 |    49 ||    64

Table legend: (Time is in decaauts)
 A = Elapsed time spent in this place.
 B = Non-inter-level travel time spent in this place.
 C = Inter-level travel time spent in this place.
 D = Time resting spent in this place.
 E = Time spent auto-exploring this place.
 F = Levels seen in this place.
 G = Mean time per level.
                   A        B        C        D        E       F      G
               +--------+--------+--------+--------+--------+-----+--------+
         Total |   3429 |   3077 |    352 |    273 |   1943 |   5 |  685.8 |
       Dungeon |   2849 |   2497 |    352 |     47 |   1838 |   4 |  712.2 |
         Sewer |    580 |    580 |      0 |    226 |    105 |   1 |  580.0 |
               +--------+--------+--------+--------+--------+-----+--------+

Top non-repeatable levels by time:
     D:1: 964 daAuts
     D:3: 952 daAuts
     D:2: 833 daAuts
   Sewer: 580 daAuts
     D:4: 99 daAuts
